 Dungeon Crawl Stone Soup version 0.22-a0-398-g8bb545f (webtiles) character file.

10448 KristoblXynda the Destroyer (level 11, 0/86 HPs)
             Began as a Yellow Draconian Conjurer on May 4, 2018.
             Was a Follower of Ashenzari.
             Killed by vampiric draining
             ... invoked by a vampire
              (5 damage)
             ... on level 11 of the Dungeon.
             The game lasted 00:39:23 (17772 turns).

KristoblXynda the Destroyer (DrCj)                 Turns: 17772, Time: 00:39:25

Health: 0/86       AC: 17    Str: 11    XL:     11   Next: 36%
Magic:  9/25       EV: 14    Int: 19    God:    Ashenzari [*.....]
Gold:   516        SH:  8    Dex: 11    Spells: 19/30 levels left

rFire    . . .     SeeInvis .   y - +2 war axe (elec)
rCold    . . .     Gourm    .   z - +3 warlock's mirror {reflect} (curse)
rNeg     . . .     Faith    .   (armour unavailable)
rPois    .         Spirit   .   (helmet restricted)
rElec    .         Reflect  +   t - +0 cloak
rCorr    +         Harm     .   s - +1 pair of gloves
MR       .....                  E - +1 pair of boots (curse)
Stlth    ++........             (no amulet)
HPRegen  0.24/turn              A - +5 ring of protection
MPRegen  0.19/turn              k - ring of wizardry (curse)

@: short of breath
A: spit acid, acid resistance, unfitting armour, cold-blooded, AC +7
a: Breathe Acid, Curse Item, Scrying, Renounce Religion


You were on level 11 of the Dungeon.
You worshipped Ashenzari.
Ashenzari was aware of your devotion.
You were not hungry.

You visited 2 branches of the dungeon, and saw 12 of its levels.
You also visited: Bailey.

You collected 767 gold pieces.
You spent 251 gold pieces at shops.

Inventory:

Hand Weapons
 i - a +2 dagger of draining
 p - the +4 war axe of Painful Death {elec, *Noise Int+2 Stlth+}
   (You found it on level 5 of the Dungeon)

   Occasionally, upon striking a foe, it will discharge some electrical energy
   and cause terrible harm.
   It affects your intelligence (+2).
   It may make noises in combat.
   It makes you more stealthy.
 y - a +2 war axe of electrocution (weapon)
Missiles
 l - 4 throwing nets (quivered)
Armour
 s - a +1 pair of gloves (worn)
 t - a +0 cloak (worn)
 z - the cursed +3 warlock's mirror (worn) {reflect}
   (You acquired it in a bailey)

   It has a curse placed upon it.
 E - a cursed +1 pair of boots (worn)
Jewellery
 g - an uncursed ring of protection from magic
 k - a cursed ring of wizardry (right hand)
 v - a +2 ring of intelligence
 x - an uncursed ring of flight
 A - a +5 ring of protection (left hand)
Wands
 B - a wand of iceblast (3)
Scrolls
 a - 4 scrolls of remove curse
 f - 3 scrolls of teleportation
 h - 2 scrolls of magic mapping
 m - 2 scrolls of fear
 n - a scroll of fog
 r - a scroll of amnesia
 C - a scroll of identify
 F - a scroll of immolation
Potions
 c - 3 potions of haste
 d - 3 potions of curing
 e - 2 potions of mutation
 j - a potion of agility
 o - 2 potions of invisibility
 q - a potion of might
 u - a potion of lignification
 w - a potion of resistance
Comestibles
 b - 12 rations
 D - 3 chunks of flesh


   Skills:
 - Level 5.1 Fighting
 - Level 5.0 Dodging
 - Level 1.7 Stealth
 + Level 4.6 Shields
 + Level 10.4 Spellcasting
 + Level 11.6 Conjurations
 + Level 2.3 Evocations


You had 19 spell levels left.
You knew the following spells:

 Your Spells              Type           Power        Failure   Level  Hunger
a - Magic Dart            Conj           ####         1%          1    None
b - Dazzling Spray        Conj/Hex       ####..       1%          3    None
c - Iskenderun's Mystic   Conj           ######..     1%          4    ##.....
d - Regeneration          Chrm/Necr      #.........   9%          3    None


Dungeon Overview and Level Annotations

Branches:
Dungeon (11/15)            Temple (1/1) D:7             Orc (0/2) D:9
   Lair: D:8-11

Altars:
Ashenzari
Cheibriados
Dithmenos
Elyvilon
Fedhas
Gozag
Hepliaklqana
Kikubaaqudgha
Makhleb
Nemelex Xobeh
Okawaru
Qazlal
Ru
Sif Muna
Trog
Uskayaw
Vehumet
Wu Jian
Xom
Yredelemnul
Zin
The Shining One

Shops:
D:5 [*   D:7 :   D:9 %   D:11 *

Annotations:
D:2 Terence
D:5 Feta's ghost, novice OpIE


Innate Abilities, Weirdness & Mutations

You can spit globs of acid.
You are resistant to acid.
Your golden yellow scales are hard. (AC +7)
You cannot fit into any form of body armour.
You are cold-blooded and may be slowed by cold attacks.


Message History

Casting: Iskenderun's Mystic Blast (safe; 1% risk of failure)
Confirm with . or Enter, or press ? or * to list all spells.
Aiming: Iskenderun's Mystic Blast (safe; 1% risk of failure)
Press: ? - help, Shift-Dir - straight line, p - manticore The orb of energy hits something.
The orb of energy explodes!
The mystic blast hits the manticore.
The manticore is almost dead.
You block the manticore's attack. x2; The manticore barely misses you.
Unholy energy fills the air.
Casting: Iskenderun's Mystic Blast (safe; 1% risk of failure)
Confirm with . or Enter, or press ? or * to list all spells.
Aiming: Iskenderun's Mystic Blast (safe; 1% risk of failure)
Press: ? - help, Shift-Dir - straight line The orb of energy hits something.
The orb of energy explodes!
The manticore bites you!!
* * * LOW HITPOINT WARNING * * *
You block the manticore's attack.
The manticore claws you but does no damage.
Unholy energy fills the air.
You die...

# #.########
#.H@.....#
###{#####.#
......##.#
#.##∩##.##.######
# #..............
####.##.##.##..#
#.##.##.# .#
#.......# ..
######.#####.


You could see a manticore.

Vanquished Creatures
  2 two-headed ogres
  The ghost of ololoev the Conjurer, a novice CeIE of Vehumet (D:7)
  2 orc knights (Bailey)
  2 kobold demonologists (Bailey)
  A troll (D:9)
  The ghost of Borgoz the Covered, an amateur GrFi of Ashenzari (D:6)
  A wraith (D:11)
  Sigmund (D:4)
  2 hungry ghosts
  2 water moccasins
  11 orc warriors
  3 ice beasts
  4 phantoms
  A black bear (D:10)
  3 necrophages
  A sky beast (D:9)
  5 ogres
  5 centaurs
  A big kobold (D:9)
  2 wyvern zombies
  4 bullfrogs
  3 scorpions
  3 killer bees (D:8)
  10 wights
  3 howler monkeys
  4 electric eels (Bailey)
  A crimson imp (D:7)
  A centaur zombie (D:9)
  4 bullfrog zombies
  4 orc priests
  4 hounds
  2 jellies
  A bullfrog skeleton (D:10)
  Natasha (thrice) (D:4)
  5 iguanas
  13 orc wizards
  13 worker ants
  A killer bee zombie (D:8)
  2 hound skeletons
  16 gnolls
  8 adders
  A shadow imp (D:8)
  2 oozes
  An adder zombie (D:8)
  A worm (D:3)
  An adder skeleton (D:6)
  2 dart slugs
  3 leopard geckos
  57 orcs
  2 bats
  9 giant cockroaches
  12 goblins
  9 hobgoblins
  10 jackals
  3 quokkas
  3 ball pythons
  A frilled lizard (D:4)
  A jackal zombie (D:9)
  15 kobolds
  2 leopard gecko skeletons
  A leopard gecko zombie (D:8)
  2 quokka skeletons
  8 rats
  A spectral orc (D:3)
303 creatures vanquished.

Notes
Turn   | Place    | Note
-------+----------+-------------------------------------------
     0 | D:1      | KristoblXynda the Draconian Conjurer began the quest for the Orb.
     0 | D:1      | Reached XP level 1. HP: 14/14 MP: 3/3
   767 | D:1      | Reached XP level 2. HP: 20/20 MP: 3/5
  1797 | D:2      | Noticed Terence
  2016 | D:1      | Reached XP level 3. HP: 22/26 MP: 0/7
  2065 | D:1      | Learned a level 3 spell: Dazzling Spray
  2191 | D:2      | Found a sacrificial altar of Ru.
  2988 | D:3      | Reached XP level 4. HP: 33/33 MP: 3/8
  3359 | D:3      | Reached skill level 5 in Conjurations
  3996 | D:3      | Found a basalt altar of Yredelemnul.
  4634 | D:4      | Noticed Natasha
  4640 | D:4      | Killed Natasha
  4640 | D:4      | Reached XP level 5. HP: 38/38 MP: 2/10
  4830 | D:4      | Noticed an ogre
  5237 | D:4      | Noticed Sigmund
  5256 | D:4      | Noticed Natasha
  5275 | D:4      | Killed Sigmund
  5275 | D:4      | Reached skill level 6 in Conjurations
  5275 | D:4      | Reached XP level 6. HP: 29/45 MP: 0/13
  5290 | D:4      | Killed Natasha
  5587 | D:4      | Reached skill level 5 in Spellcasting
  5634 | D:4      | Your scales start taking on a golden yellow colour.
  5634 | D:4      | Reached XP level 7. HP: 45/50 MP: 1/14
  5762 | D:4      | Noticed Natasha
  5771 | D:4      | Killed Natasha
  6159 | D:4      | Found a white marble altar of Elyvilon.
  6248 | D:4      | Found a snail-covered altar of Cheibriados.
  6358 | D:5      | Entered Level 5 of the Dungeon
  6406 | D:5      | Reached skill level 7 in Conjurations
  6533 | D:5      | Found Miosomo's General Store.
  6870 | D:5      | Found Naunwof's Distillery.
  6961 | D:5      | Noticed Feta's ghost (novice OpIE)
  7018 | D:5      | Reached XP level 8. HP: 8/57 MP: 8/17
  7342 | D:5      | Found Vuteomi's Antique Armour Shoppe.
  7350 | D:5      | Bought a pair of embroidered gloves for 157 gold pieces
  7350 | D:5      | Bought a cloak for 94 gold pieces
  7732 | D:5      | Got an ichor-stained war axe
  7949 | D:6      | Noticed Borgoz's ghost (amateur GrFi)
  8464 | D:6      | Reached skill level 8 in Conjurations
  8523 | D:6      | Identified the +4 war axe of Painful Death {elec, *Noise Int+2 Stlth+} (You found it on level 5 of the Dungeon)
  8551 | D:6      | Reached skill level 1 in Fighting
  8591 | D:6      | Learned a level 4 spell: Iskenderun's Mystic Blast
  8610 | D:6      | Killed Borgoz's ghost
  9561 | D:7      | Found a staircase to the Ecumenical Temple.
  9571 | Temple   | Entered the Ecumenical Temple
  9688 | Temple   | Became a worshipper of Ashenzari the Shackled
  9755 | D:7      | Noticed ololoev's ghost (novice CeIE)
  9758 | D:7      | Reached XP level 9. HP: 65/71 MP: 12/20
  9767 | D:7      | Reached skill level 9 in Conjurations
 10386 | D:8      | Noticed a two-headed ogre
 10391 | D:8      | Killed a two-headed ogre
 10391 | D:8      | Reached skill level 5 in Fighting
 10543 | D:7      | Found Xijelug's Book Shop.
 10876 | D:7      | Found a sparkling altar of Nemelex Xobeh.
 11344 | D:7      | Killed ololoev's ghost
 11344 | D:7      | Reached skill level 10 in Conjurations
 11780 | D:8      | Reached XP level 10. HP: 80/81 MP: 17/22
 11847 | D:8      | Found a shadowy altar of Dithmenos.
 11898 | D:8      | Found a radiant altar of Vehumet.
 12094 | D:8      | Found a deep blue altar of Sif Muna.
 12480 | D:9      | Learned a level 3 spell: Regeneration
 12493 | D:9      | Found a staircase to the Orcish Mines.
 12518 | D:9      | Noticed a two-headed ogre
 12532 | D:9      | Killed a two-headed ogre
 12736 | D:9      | Reached skill level 5 in Dodging
 13226 | D:9      | Found an opulent altar of Gozag.
 13269 | D:9      | Reached skill level 1 in Shields
 13875 | D:9      | Found Hufism's Food Boutique.
 14042 | D:9      | Reached * piety under Ashenzari
 14051 | D:9      | Reached skill level 11 in Conjurations
 14855 | D:10     | Entered Level 10 of the Dungeon
 15008 | D:10     | Found a flagged portal.
 15017 | Bailey   | Entered a bailey
 15234 | Bailey   | Noticed a smoke demon
 15252 | Bailey   | Reached skill level 10 in Spellcasting
 15252 | Bailey   | Reached XP level 11. HP: 28/86 MP: 2/25
 15280 | Bailey   | Noticed an orc knight
 15418 | Bailey   | Noticed an orc knight
 15454 | Bailey   | Killed an orc knight
 15679 | Bailey   | Killed an orc knight
 15781 | Bailey   | Reached skill level 1 in Evocations
 15787 | Bailey   | Identified a scroll of acquirement
 15803 | Bailey   | Found the cursed +3 warlock's mirror {reflect}
 16169 | Bailey   | Found an iron altar of Okawaru.
 17752 | D:11     | Found Ului's Assorted Antiques.
 17772 | D:11     | Killed from afar by a vampire

Vault maps used:
D:1:      lightli_arrival_farm, hangedman_glass_teeth, roderic_lattice_a
D:2:      lemuel_doored_altar, first_ration, uniq_terence
D:3:      yredelemnul_forgotten_temple_becter
D:4:      kennysheep_mini, lemuel_crystal_altar, minmay_box_of_dots,
          uniq_natasha, uniq_sigmund
D:5:      serial_shops, shop, shop, nicolae_shop_waterfront, minivault_24,
          kennysheep_generic_room_8
D:7:      nemelex_xobeh_ov_fountains_minmay, minmay_temple_entry_mist,
          serial_shops, shop
D:8:      lemuel_round_altar, grunt_dithmenos_shadows,
          nicolae_overflow_hidden_temple
D:9:      nicolae_gozag_cash_rules_everything_around_me, orc_0_dummy,
          serial_shops, shop_statue, serial_undead, serial_undead_e,
          serial_undead_f, serial_undead_d, serial_undead_b
D:10:     enter_bailey_2, serial_bayou_lagoon_a
D:11:     david_lair_shrubbed, serial_shops, shop, nicolae_shop_stone,
          nicolae_shop_statue_plus, nicolae_shop_competitors_out_of_business,
          shop, david_nohive_1
Temple:   dshaligram_water_room_temple
Bailey:   bailey_axe_of_yendor_kennysheep, bailey

Skill      XL: |  1  2  3  4  5  6  7  8  9 10 11 |
---------------+----------------------------------+-----
Spellcasting   | 3 4 5 6 7 8 10 | 10.4
Conjurations   | 5 6 7 8 10 11 | 11.6
Fighting       | 3 5 |  5.1
Dodging        | 3 5 |  5.0
Shields        | 3 4 |  4.6
Evocations     | 2 |  2.3
Stealth        | |  1.7

Action                   |  1- 3 |  4- 6 |  7- 9 | 10-12 || total
-------------------------+-------+-------+-------+-------++-------
Melee: Unarmed           |    31 |       |       |       ||    31
       Tailslap          |     4 |     8 |    12 |    29 ||    53
       Short sword       |       |    53 |       |       ||    53
       Scythe            |       |       |    47 |       ||    47
       Dagger            |       |       |    95 |    15 ||   110
       War axe           |       |       |       |   224 ||   224
 Cast: Magic Dart        |    61 |   121 |   249 |   125 ||   556
       Dazzling Spray    |       |     4 |     6 |     3 ||    13
       Iskenderun's Myst |       |       |    33 |    83 ||   116
Invok: Curse Item        |       |       |     1 |       ||     1
 Abil: Breathe Acid      |       |       |    12 |    13 ||    25
       Evoke Flight      |       |       |       |     2 ||     2
Evoke: Wand              |       |       |       |     9 ||     9
  Use: Scroll            |       |     9 |    12 |     6 ||    27
       Potion            |       |     1 |     1 |     2 ||     4
 Stab: Invisible         |       |       |     1 |       ||     1
       Sleeping          |       |       |     4 |     3 ||     7
  Eat: Chunk             |     6 |     5 |    12 |    11 ||    34
       Ration            |       |     1 |     4 |     5 ||    10
Armor: Skin              |    11 |    26 |   126 |   159 ||   322
Dodge: Dodged            |    31 |    59 |   167 |   256 ||   513
Block: Buckler           |       |       |       |    51 ||    51
       Reflection        |       |       |       |     1 ||     1

Table legend:
 A = Spawn XP
 B = Non-spawn XP
 C = Spawn XP percentage of total XP
 D = Spawn monster count
 E = Non-spawn monster count
 F = Spawn count percentage of total count
 G = Total turns spent on level
                    A         B        C        D         E        F      G
               +---------+---------+-------+---------+---------+-------+---------
         Total |       0 |   14926 |   0.0 |       0 |     303 |   0.0 | 17772
               +---------+---------+-------+---------+---------+-------+---------
           D:1 |       0 |      32 |   0.0 |       0 |      12 |   0.0 |  2029
           D:2 |       0 |      58 |   0.0 |       0 |      13 |   0.0 |   954
           D:3 |       0 |      64 |   0.0 |       0 |      23 |   0.0 |  1575
           D:4 |       0 |     737 |   0.0 |       0 |      31 |   0.0 |  1800
           D:5 |       0 |     678 |   0.0 |       0 |      25 |   0.0 |  1379
           D:6 |       0 |     864 |   0.0 |       0 |      15 |   0.0 |  1370
           D:7 |       0 |    1863 |   0.0 |       0 |      32 |   0.0 |  1794
           D:8 |       0 |    1957 |   0.0 |       0 |      31 |   0.0 |  1378
           D:9 |       0 |    3380 |   0.0 |       0 |      47 |   0.0 |  2444
          D:10 |       0 |    1056 |   0.0 |       0 |      24 |   0.0 |  1127
          D:11 |       0 |     767 |   0.0 |       0 |       7 |   0.0 |   283
        Bailey |       0 |    3470 |   0.0 |       0 |      43 |   0.0 |  1507
               +---------+---------+-------+---------+---------+-------+---------
